[Event "Mistrovství Čech mládeže 2023 - HD14"]
[Site "Harrachov, Czech Republic"]
[Date "2023.10.23"]
[Round "4.5"]
[White "Stefaniv, Vladislav"]
[Black "Křivka, Matěj"]
[Result "0-1"]
[TimeControl "90m + 30s"]
[WhiteElo "1566"]
[BlackElo "1665"]

1. d4 Nf6 2. c4 g6 3. Nc3 Bg7 4. e4 d6 5. Bd3 O-O 6. Nge2 e5 7. d5 Nbd7 8. O-O a5 9. a3 Nc5 10.
Bc2 Ne8 11. Be3 f5 12. exf5 gxf5 13. f4 Nd7 14. b4 axb4 15. axb4 Rxa1 16. Qxa1 Bh6 17. Bb3 Ndf6 18. h3 Kh8 19.
Qc1 Qe7 20. fxe5 Bxe3+ 21. Qxe3 dxe5 22. c5 Ng7 23. Rd1 Re8 24. Nb5 f4 25. Qf3 Nf5 26. Nec3 Qg7 27. Kh2 Nh4 28. Qf2 Rg8 29.
Rg1 Qh6 30. Kh1 Ng4 31. Qe2 Ne3 32. d6 Nhxg2 33. Qf3 Bxh3 34. Rxg2 Bxg2+ 0-1

[Event "Mistrovství Čech mládeže 2023 - HD14"]
[Site "Harrachov, Czech Republic"]
[Date "2023.10.23"]
[Round "4.6"]
[White "Bělaška, Adam"]
[Black "Sboev, Kirill"]
[Result "1-0"]
[TimeControl "90m + 30s"]
[WhiteElo "1503"]
[BlackElo "1556"]

1. e4 e5 2. Nf3 Nc6 3. Bb5 a6 4. Ba4 Nf6 5. d3 Be7 6. O-O b5 7. Bb3 O-O 8. c3 d6 9. h3 Na7 10.
Re1 Bb7 11. Nbd2 Nc8 12. Nf1 Nb6 13. Ng3 Qd7 14. d4 exd4 15. cxd4 Rad8 16. Bc2 c5 17. d5 Qc7 18. b3 c4 19.
Bb2 c3 20. Bc1 b4 21. a3 a5 22. axb4 axb4 23. Qd4 Qc5 24. Qxc5 dxc5 25. Bf4 Ra8 26. Nf5 Bd8 27. Rxa8 Nxa8 28.
Bd6 Re8 29. Bxc5 Bc8 30. Nd6 Re7 31. Nxc8 Rc7 32. Bxb4 Rxc8 33. Ne5 Bb6 34. Nc6 Re8 35. Bxc3 1-0

[Event "Mistrovství Čech mládeže 2023 - HD14"]
[Site "Harrachov, Czech Republic"]
[Date "2023.10.23"]
[Round "4.7"]
[White "Švadlenka, Dominik"]
[Black "Malý, Jiří"]
[Result "1-0"]
[TimeControl "90m + 30s"]
[WhiteElo "1710"]
[BlackElo "1490"]

1. d4 d5 2. c4 c6 3. Nc3 dxc4 4. a4 e5 5. dxe5 Qxd1+ 6. Kxd1 Be6 7. Bf4 Ne7 8. e4 Nd7 9. Bg3 Rd8 10. Kc2 f5 11. Nf3 Nc5 12. Ng5 fxe4 13.
Nxe6 Nxe6 14. Nxe4 Nf5 15. Bxc4 Nxg3 16. hxg3 Nd4+ 17. Kc3 Be7 18. Rad1 Nf5 19. Rxd8+ Bxd8 20. g4 Ne7 21. Nd6+ Kd7 22.
Nxb7 Ng6 23. Rd1+ Ke7 24. Rxd8 Rxd8 25. Nxd8 Kxd8 26. Kd4 Ne7 27. f4 Kd7 28. b4 Kc7 29. a5 h6 30. Ke4 Kd8 31.
f5 Kd7 32. Kf4 Ke8 33. g5 hxg5+ 34. Kxg5 Kf8 35. Be6 Ke8 36. f6 gxf6+ 37. exf6 1-0

[Event "Mistrovství Čech mládeže 2023 - HD14"]
[Site "Harrachov, Czech Republic"]
[Date "2023.10.23"]
[Round "4.8"]
[White "Bělaška, Václav"]
[Black "Hrdlička, Jan"]
[Result "1-0"]
[TimeControl "90m + 30s"]
[WhiteElo "1666"]
[BlackElo "1418"]

1. e4 c5 2. Nf3 d6 3. d4 cxd4 4. Nxd4 Nf6 5. Nc3 g6 6. Be3 Bg7 7. f3 O-O 8. Qd2 Nc6 9. g4 h5 10.
gxh5 Nxh5 11. O-O-O Bd7 12. Nb3 a6 13. Nd5 b5 14. Be2 Rb8 15. f4 Nf6 16. Nxf6+ Bxf6 17. e5 Bg7 18. exd6 e5 19.
h4 Qf6 20. c3 Rbc8 21. Nc5 Bf5 22. fxe5 Qxe5 23. h5 b4 24. c4 Bc2 25. Nd3 Bxd3 26. Bxd3 Qxd6 27. hxg6 fxg6 28. Qc2 Ne5 29.
Be4 Qc7 30. Bd5+ Nf7 31. Qxg6 1-0

[Event "Mistrovství Čech mládeže 2023 - HD14"]
[Site "Harrachov, Czech Republic"]
[Date "2023.10.23"]
[Round "4.9"]
[White "Ježek, Jakub"]
[Black "Jun, Rostislav"]
[Result "1-0"]
[TimeControl "90m + 30s"]
[WhiteElo "1642"]
[BlackElo "1360"]

1. d4 d5 2. c4 e6 3. Nf3 Nf6 4. g3 a6 5. Bg2 c5 6. cxd5 exd5 7. O-O Nc6 8. Bf4 Bd6 9. e3 cxd4 10.
Nxd4 O-O 11. Nc3 Bxf4 12. gxf4 Nxd4 13. Qxd4 Ng4 14. h3 Nf6 15. Nxd5 Nxd5 16. Qxd5 Qxd5 17. Bxd5 Bxh3 18. Bg2 Bxg2 19.
Kxg2 Rfd8 20. Rfd1 Kf8 21. Rac1 Ke8 22. Kf3 Rxd1 23. Rxd1 Rc8 24. Rd2 g6 25. Kg4 h5+ 26. Kh4 Ke7 27.
f5 Rc5 28. fxg6 fxg6 29. f4 b5 30. Re2 a5 31. e4 Rc6 32. Kg5 Kf7 33. e5 Rb6 34. Rc2 Ke7 35. Rc7+ Kf8 36. f5 gxf5 37. Kxh5 Ke8 38. Kg5 Kd8 39.
Ra7 a4 40. Kxf5 Ke8 41. e6 Rc6 42. Kf6 1-0

[Event "Mistrovství Čech mládeže 2023 - HD14"]
[Site "Harrachov, Czech Republic"]
[Date "2023.10.23"]
[Round "4.10"]
[White "Jakubše, Tamae Severína"]
[Black "Ocelák, Lukáš"]
[Result "1-0"]
[TimeControl "90m + 30s"]
[WhiteElo "1627"]
[BlackElo "1342"]

1. e4 c6 2. d4 d5 3. exd5 cxd5 4. c4 dxc4 5. Bxc4 e6 6. Nf3 Nf6 7. Nc3 Bd6 8. O-O O-O 9. Bg5 Nbd7 10.
Re1 h6 11. Bh4 b6 12. d5 Nc5 13. Bxf6 gxf6 14. b4 Nb7 15. a3 e5 16. Bd3 Bg4 17. Be2 f5 18. Nd2 Qh4 19. Bxg4 fxg4 20.
Qe2 e4 21. g3 Qe7 22. Qxg4+ Kh8 23. Ncxe4 Be5 24. Rad1 f5 25. Qh5 fxe4 26. Qxh6+ Kg8 27. Nxe4 Qf7 28. f4 Bg7 29. Qe6 Qxe6 30.
dxe6 Rfe8 31. f5 Kf8 32. f6 Rxe6 33. fxg7+ Kxg7 34. Rd7+ 1-0

[Event "Mistrovství Čech mládeže 2023 - HD14"]
[Site "Harrachov, Czech Republic"]
[Date "2023.10.23"]
[Round "4.11"]
[White "Petrášek, Jiří"]
[Black "Bludský, Hynek"]
[Result "1/2-1/2"]
[TimeControl "90m + 30s"]
[WhiteElo "1423"]
[BlackElo "1547"]

1. e4 c5 2. c3 d5 3. exd5 Qxd5 4. d4 Nc6 5. Be3 Nf6 6. c4 Qd8 7. d5 Ne5 8. Nc3 e6 9. Bg5 Be7 10.
Qe2 Ng6 11. Rd1 Qa5 12. d6 Bd8 13. Nf3 Bd7 14. Qd2 O-O 15. Bd3 Bc6 16. Qe2 Nd7 17. Bxd8 Raxd8 18. Bxg6 hxg6 19. O-O Qb6 20.
Ng5 Nf6 21. Rd2 Rd7 22. Rfd1 1/2-1/2

[Event "Mistrovství Čech mládeže 2023 - HD14"]
[Site "Harrachov, Czech Republic"]
[Date "2023.10.23"]
[Round "4.12"]
[White "Tejnor, Martin"]
[Black "Kravchenko, Andrey"]
[Result "1/2-1/2"]
[TimeControl "90m + 30s"]
[WhiteElo "1418"]
[BlackElo "1541"]

1. e4 c5 2. Nf3 Nc6 3. d4 cxd4 4. Nxd4 g6 5. Nc3 Bg7 6. Be3 Nf6 7. Be2 O-O 8. O-O d6 9. h3 Bd7 10.
Qd2 Nxd4 11. Bxd4 Bc6 12. f3 a6 13. Rad1 Rc8 14. Rfe1 Qc7 15. Qe3 Nd7 16. Bxg7 Kxg7 17. Qd4+ Kg8 18.
Kh1 Nb6 19. Rd2 Bd7 20. Nd5 Nxd5 21. exd5 Bf5 22. c4 Rfe8 23. b3 Rcd8 24. Bf1 Rc8 25. Rde2 Rcd8 26. g4 Bc8 27. Re3 e5 28.
dxe6 Bxe6 29. f4 Bd7 30. Bg2 Rxe3 31.
Rxe3 Re8 32. Rd3 Re1+ 33. Kh2 Re2 34. Rd2 Rxd2 35. Qxd2 Bc6 36. Qe3 Bxg2 1/2-1/2

[Event "Mistrovství Čech mládeže 2023 - HD14"]
[Site "Harrachov, Czech Republic"]
[Date "2023.10.23"]
[Round "4.13"]
[White "Pogorelskiy, Boris"]
[Black "Mezera, Antonín"]
[Result "1-0"]
[TimeControl "90m + 30s"]
[WhiteElo "1541"]
[BlackElo "1166"]

1. e4 c5 2. Nf3 d6 3. d4 cxd4 4. Nxd4 Nf6 5. Nc3 a6 6. Be2 e5 7. Nf3 Be7 8. h3 Be6 9. Be3 Nbd7 10.
Ng5 h6 11. Nxe6 fxe6 12. Bh5+ Kf8 13. O-O Nxh5 14. Qxh5 Qe8 15. Qg4 Qf7 16. f4 exf4 17. Bxf4 Nf6 18. Qg3 Rd8 19. Rad1 Nh5 20.
Qh2 Nxf4 21. Rxf4 Bf6 22. e5 Ke7 23. exf6+ gxf6 24. Qg3 Rhg8 25. Qf3 Qg6 26. Qxb7+ Rd7 27. Qe4 Qxe4 28. Rxe4 Rb7 29.
b3 Rc7 30. Nd5+ Kd7 31. Nxf6+ Ke7 32. Nxg8+ Kf7 33. Nxh6+ Ke7 34. Nf5+ Kf6 35. Nxd6 Rxc2 36. Rde1 e5 37. Rxe5 Rxa2 38.
Rf5+ Kg6 39. Re6+ Kg7 40. Rf7+ Kg8 41. Re8# 1-0

[Event "Mistrovství Čech mládeže 2023 - HD14"]
[Site "Harrachov, Czech Republic"]
[Date "2023.10.23"]
[Round "4.14"]
[White "Čech, Nicolas"]
[Black "Chon, Jeremy"]
[Result "0-1"]
[TimeControl "90m + 30s"]
[WhiteElo "1399"]
[BlackElo "1538"]

1. e4 c5 2. Nf3 g6 3.
d4 cxd4 4. Qxd4 Nf6 5. e5 Nc6 6. Qa4 Nd5 7. Qb3 Nc7 8. Nc3 Bg7 9. Bc4 Ne6 10. Bxe6 dxe6 11. Bf4 O-O 12. O-O Qa5 13. Rfe1 b6 14. Qb5 Bb7 15. Qxa5 Nxa5 16. Rad1 Bxf3 17. gxf3 Rfc8 18. Re2 Nc4 19.
b3 Nxe5 20. Bxe5 Bxe5 21. Rxe5 Rxc3 22. Rd2 Rxf3 23. Re3 Rxe3 24. fxe3 Kf8 25. Rd7 Ke8 26. Rb7 Kd8 27. c4 f5 28. Kf2 Ke8 29. h4 Kf7 30.
Kf3 Kf6 31. e4 h6 32. e5+ Kxe5 33. Rxe7 g5 34. hxg5 hxg5 35. Rc7 g4+ 36. Kg3 Rg8 37. Rf7 Ke4 38. Rxa7 f4+ 39. Kf2 g3+ 40. Kg1 g2 41. Rd7 f3 42. Rd1 Rh8 43. Kf2 Rh1 44. Rg1 Rxg1 45.
Kxg1 Ke3 0-1

[Event "Mistrovství Čech mládeže 2023 - HD14"]
[Site "Harrachov, Czech Republic"]
[Date "2023.10.23"]
[Round "4.16"]
[White "Mojžíšová, Barbora"]
[Black "Mikulka, Martin Michael"]
[Result "0-1"]
[TimeControl "90m + 30s"]
[WhiteElo "1242"]
[BlackElo "1826"]

1. e4 e6 2. d4 d5 3. Nc3 Nf6 4. e5 Nfd7 5. f4 c5 6. Nf3 Nc6 7. Be3 Be7 8. Qd2 a6 9. O-O-O c4 10.
g4 b5 11. Nb1 Nb4 12. Nc3 Qa5 13. a3 Nc6 14. Nb1 b4 15. Re1 c3 16. bxc3 bxa3 17. Nxa3 Qxa3+ 18. Kd1 Rb8 19. Ke2 Qa5 20.
Bg2 Qc7 21. Kf2 Nb6 22. Rhf1 Nc4 23. Qd3 a5 24. Ra1 Ba6 25. Kg1 Nxe3 26. Qxe3 Bxf1 27. Bxf1 Rb2 28. Bd3 Qb6 29. Nd2 O-O 30.
Qh3 g6 31. Kg2 Rxc2 32. Bxc2 Qb2 33. Rf1 Qxc2 34. Rf2 Kh8 35. Qh6 Rg8 36. Nf3 Qxc3 37. Ng5 Bxg5 38. Qxg5 Rb8 39. f5 Rb2 40.
Qh6 Rxf2+ 41. Kxf2 Qxd4+ 42. Kg2 Qb2+ 43. Kh3 Qa3+ 44. Kh4 Kg8 45. f6 Qf8 46. Qd2 Nxe5 47. Qxa5 Qh6+ 48. Kg3 Qe3+ 49.
Kg2 Qe2+ 50. Kg3 Qf3+ 51. Kh4 Qxg4# 0-1

[Event "Mistrovství Čech mládeže 2023 - HD14"]
[Site "Harrachov, Czech Republic"]
[Date "2023.10.23"]
[Round "4.17"]
[White "Stibor, Ondřej"]
[Black "Rudlof, Adam"]
[Result "1-0"]
[TimeControl "90m + 30s"]
[WhiteElo "1170"]
[BlackElo "1639"]

1. e4 c5 2. Nf3 Nc6 3. d4 cxd4 4. Nxd4 g6 5. Nc3 Bg7 6. Be3 Nf6 7. f3 O-O 8. Qd2 d5 9. Nxc6 bxc6 10.
O-O-O Qa5 11. exd5 cxd5 12. Nxd5 Qxa2 13. Nxe7+ Kh8 14. Qb4 Be6 15. Qa3 Qxa3 16. bxa3 Rfe8 17. Nc6 Bd7 18. Rxd7 Nxd7 19.
Bxa7 Ne5 20. Nxe5 Rxa7 21. Nc4 Bc3 22. Bd3 Rae7 23. Kb1 Re1+ 24. Rxe1 Rxe1+ 25. Ka2 Rg1 26. Kb3 Bd4 27. a4 Rxg2 28.
a5 Rg1 29. a6 Ra1 30. Nd6 Kg7 31. Kb4 Kf8 32. Kb5 Ke7 33. Kc6 Ra5 34. Nc8+ Kd8 35. Nb6 Rc5+ 36. Kd6 Rc3 37. Nd5 Rc5 38.
Nb4 Kc8 39. Nc6 Bg1 40. Be4 Rc3 41. a7 Kb7 42. Nd4+ Kb6 43. a8=Q Bxh2 44. Kd7 1-0

[Event "Mistrovství Čech mládeže 2023 - HD14"]
[Site "Harrachov, Czech Republic"]
[Date "2023.10.23"]
[Round "4.18"]
[White "Seidl, Václav"]
[Black "Ausperger, Vít"]
[Result "1-0"]
[TimeControl "90m + 30s"]
[WhiteElo "1478"]
[BlackElo "1302"]

1. e4 e5 2. Nf3 Nc6 3. d4 exd4 4. Bc4 Bc5 5. c3 dxc3 6. Bxf7+ Kxf7 7. Qd5+ Ke8 8. Qh5+ g6 9. Qxc5 d6 10.
Qxc3 Qf6 11. Qc2 h6 12. Bd2 Qf7 13. O-O Bg4 14. Bc3 Rh7 15. Nbd2 Kf8 16. e5 dxe5 17. Nxe5 Nxe5 18. Bxe5 Re8 19.
f3 Bf5 20. Qc3 Qd7 21. g4 Bd3 22. Rfe1 Rhe7 23. Re3 Qd5 24. Bg7+ Rxg7 25. Rxe8+ Kxe8 26. Qxg7 Qe6 27. Qc3 Qe3+ 28.
Kg2 h5 29. gxh5 gxh5 30. Ne4 Qe2+ 31. Nf2 Qe6 32. Qxd3 1-0

[Event "Mistrovství Čech mládeže 2023 - HD14"]
[Site "Harrachov, Czech Republic"]
[Date "2023.10.24"]
[Round "5.1"]
[White "Váňa, Jan"]
[Black "Bělaška, Adam"]
[Result "1-0"]
[TimeControl "90m + 30s"]
[WhiteElo "1969"]
[BlackElo "1503"]

1. e4 c5 2. Nc3 d6 3. d4 cxd4 4. Qxd4 Nc6 5. Qd2 Nf6 6. b3 g6 7. Bb2 Bg7 8. O-O-O O-O 9. f3 Bd7 10.
Kb1 Rc8 11. g4 h5 12. h4 hxg4 13. Be2 gxf3 14. Bxf3 Ne5 15. h5 Nxf3 16. Nxf3 Nxh5 17. Rxh5 gxh5 18. Nd5 f6 19. Rg1 Rf7 20.
Nd4 Kf8 21. Nf4 Qb6 22. Nfe6+ Bxe6 23. Nxe6+ Ke8 24. Nxg7+ Kd7 25. Bd4 Qc6 26. Qd3 a6 27. Qh3+ Kd8 28. Ne6+ Kd7 29. Nd8+ 1-0

[Event "Mistrovství Čech mládeže 2023 - HD14"]
[Site "Harrachov, Czech Republic"]
[Date "2023.10.24"]
[Round "5.2"]
[White "Křivka, Matěj"]
[Black "Roubal, Matyáš"]
[Result "1/2-1/2"]
[TimeControl "90m + 30s"]
[WhiteElo "1665"]
[BlackElo "1884"]

1. d4 Nf6 2. c4 g6 3. Nc3 Bg7 4. e4 d6 5. f4 O-O 6. Nf3 c5 7. d5 Re8 8. Bd3 e6 9. O-O exd5 10.
cxd5 c4 11. Bc2 b5 12. a3 Qb6+ 13. Kh1 Bg4 14. h3 Bxf3 15. Qxf3 Nbd7 16. Be3 Qb7 17. Rae1 Rac8 18. Bd4 Nh5 19.
Bxg7 Nxg7 20. g4 f6 21. Ne2 h6 22. Ng3 Rf8 23. h4 Rf7 24. h5 g5 25. Qg2 gxf4 26. Rxf4 Ne5 27. Ref1 Qe7 28.
Qf2 Rcf8 29. Ne2 Qd7 30. Qh4 1/2-1/2

[Event "Mistrovství Čech mládeže 2023 - HD14"]
[Site "Harrachov, Czech Republic"]
[Date "2023.10.24"]
[Round "5.3"]
[White "Ježek, Jakub"]
[Black "Migalko, Dmitriy"]
[Result "1/2-1/2"]
[TimeControl "90m + 30s"]
[WhiteElo "1642"]
[BlackElo "1842"]

1. e4 c5 2. Nf3 e6 3. g3 Nc6 4. Bg2 Nf6 5. Qe2 g6 6. e5 Nd5 7. O-O Bg7 8. c3 O-O 9. d4 cxd4 10.
cxd4 d6 11. Na3 dxe5 12. dxe5 a6 13. Nc4 b5 14. Ne3 Nde7 15. a4 bxa4 16. Rxa4 Qb6 17. Rd1 Bb7 18. Ng4 Rfd8 19. Rxd8+ Rxd8 20.
Nh6+ Kf8 21. Nxf7 Kxf7 22. Ng5+ Kg8 23. Nxe6 Rd7 24. Nxg7 Qb3 25. Ra3 Qd1+ 26. Bf1 Qxe2 27. Bxe2 Kxg7 28.
e6 Rd6 29. Bf4 Rxe6 30. Bxa6 Bxa6 31. Rxa6 Re2 32. Rb6 Rc2 33. Rb7 1/2-1/2

[Event "Mistrovství Čech mládeže 2023 - HD14"]
[Site "Harrachov, Czech Republic"]
[Date "2023.10.24"]
[Round "5.4"]
[White "Chon, Jeremy"]
[Black "Topenčík, Bruno"]
[Result "0-1"]
[TimeControl "90m + 30s"]
[WhiteElo "1538"]
[BlackElo "1832"]

1. Nf3 Nf6 2. d4 d5 3.
Bf4 c5 4. e3 Nc6 5. c3 Qb6 6. Qb3 c4 7. Qxb6 axb6 8. Na3 Bg4 9. Nd2 Bf5 10. f3 e6 11. Nb5 Ra5 12. Nd6+ Bxd6 13.
Bxd6 Kd7 14. Be5 Rha8 15. Bxf6 gxf6 16. a3 b5 17. Rc1 Rg8 18. Kf2 Raa8 19. Be2 Bg6 20. f4 Be4 21. Bf3 Bxf3 22.
Nxf3 Rae8 23. Rcd1 Kd6 24. Rhe1 f5 25. Ne5 f6 26. Nxc6 bxc6 27. Rd2 e5 28. g3 exd4 29. exd4 Re4 30.
Rde2 Rge8 31. Kf3 Kc7 32. h3 h5 33. Kf2 Kb6 34. Rxe4 dxe4 35. g4 fxg4 36. hxg4 hxg4 37. f5 e3+ 38.
Rxe3 Rxe3 39. Kxe3 c5 40.
Kf4 cxd4 41. cxd4 Kc6 42. Kxg4 Kd5 0-1

[Event "Mistrovství Čech mládeže 2023 - HD14"]
[Site "Harrachov, Czech Republic"]
[Date "2023.10.24"]
[Round "5.5"]
[White "Slívová, Linda"]
[Black "Švadlenka, Dominik"]
[Result "0-1"]
[TimeControl "90m + 30s"]
[WhiteElo "1624"]
[BlackElo "1710"]

1. d4 d5 2. Nf3 Nf6 3. Bf4 c5 4. e3 Nc6 5. Nbd2 Bg4 6. c3 e6 7. Bb5 Qc8 8. Qa4 Nd7 9. Ne5 Ndxe5 10. Bxe5 c4 11. e4 a6 12.
Bxc6+ Qxc6 13. Qxc6+ bxc6 14. f3 Bh5 15. Kf2 f6 16. Bg3 c5 17. Rhe1 Kd7 18. dxc5 Bxc5+ 19. Kf1 Rhe8 20. b3 cxb3 21. axb3 Bg6 22. Ke2 Kc6 23.
Ra4 Kb7 24. Rea1 Rec8 25. c4 Be8 26.
R4a2 dxc4 27. bxc4 e5 28. Nb3 Bf7 29. Na5+ Ka7 30. Rb1 Rab8 31. Rab2 Rxb2+ 32. Rxb2 Rc7 33. Kd3 Bb6 34. Bf2 Bxf2 35. Rxf2 Kb6 36.
Nb3 Bxc4+ 37. Kc3 Bb5+ 38. Kb2 a5 39. Nd2 Bd3 40. Nb1 Bxb1 41. Kxb1 a4 42. Ra2 Ka5 43.
Rb2 h5 44. Rd2 h4 45. h3 a3 46. Ka2 Kb4 47. Re2 Rc1 48. Rf2 Kc3 0-1

[Event "Mistrovství Čech mládeže 2023 - HD14"]
[Site "Harrachov, Czech Republic"]
[Date "2023.10.24"]
[Round "5.6"]
[White "Krautschneider, Daniel Jan"]
[Black "Jakubše, Tamae Severína"]
[Result "0-1"]
[TimeControl "90m + 30s"]
[WhiteElo "1669"]
[BlackElo "1627"]

1. d4 Nf6 2. Nf3 g6 3. c4 Bg7 4. Nc3 d5 5. Bg5 O-O 6. Bxf6 Bxf6 7. cxd5 c5 8. dxc5 Qa5 9. Qd2 Nd7 10.
e3 Nxc5 11. h3 Nb3 12. axb3 Qxa1+ 13. Nd1 Bf5 14. Be2 Rac8 15. Bc4 a6 16. O-O b5 17. Bd3 Bxd3 18. Qxd3 Bxb2 19. Nh2 Bg7 20.
f4 Rc7 21. f5 Rfc8 22. fxg6 hxg6 23. Nf3 Rc2 24. Nh4 Qe5 25. Nxg6 fxg6 26. Qxg6 Qxd5 27. Rf4 Qxd1+ 28. Kh2 Qd5 29. e4 Qxb3 30. e5 Rxg2+ 31. Kxg2 Rc2+ 0-1

[Event "Mistrovství Čech mládeže 2023 - HD14"]
[Site "Harrachov, Czech Republic"]
[Date "2023.10.24"]
[Round "5.7"]
[White "Kammová, Kateřina"]
[Black "Bělaška, Václav"]
[Result "1/2-1/2"]
[TimeControl "90m + 30s"]
[WhiteElo "1543"]
[BlackElo "1666"]

1. e4 b6 2. d4 Bb7 3. Bd3 e6 4. Ne2 Nf6 5. Nd2 d5 6. e5 Nfd7 7. O-O c5 8. c3 Nc6 9. a3 h5 10.
f4 g6 11. Nf3 Bh6 12. Bc2 Ba6 13. Rf2 Qc7 14. Rb1 cxd4 15. cxd4 Rc8 16. Ng3 Qd8 17. b4 Bc4 18. Nd2 b5
19. Nxc4 bxc4 20. Ne2 Qb6 21. h3 h4 22. Ba4 Ne7 23. Rf3 Nf5 24. Be3 Bf8 25. Bf2 Be7 26.
Qc2 Rb8 27. Qd1 Kd8 1/2-1/2

[Event "Mistrovství Čech mládeže 2023 - HD14"]
[Site "Harrachov, Czech Republic"]
[Date "2023.10.24"]
[Round "5.8"]
[White "Švadlenka, Michal"]
[Black "Pogorelskiy, Boris"]
[Result "1-0"]
[TimeControl "90m + 30s"]
[WhiteElo "1651"]
[BlackElo "1541"]

1. e4 c5 2. Nf3 e6 3. d4 cxd4 4.
Nxd4 a6 5. Nc3 Qc7 6. Qf3 Be7 7. Be3 b5 8. O-O-O Bb7 9. g4 Nc6 10. Qg2 Rc8 11. Bd3 Nb4 12. f4 Nxd3+ 13. Rxd3 Nf6 14.
g5 Nxe4 15. Nxe4 e5 16. Rc3 Qxc3 17. bxc3 Rxc3 18. Nf5 1-0

[Event "Mistrovství Čech mládeže 2023 - HD14"]
[Site "Harrachov, Czech Republic"]
[Date "2023.10.24"]
[Round "5.9"]
[White "Mikulka, Martin Michael"]
[Black "Petrášek, Jiří"]
[Result "1-0"]
[TimeControl "90m + 30s"]
[WhiteElo "1826"]
[BlackElo "1423"]

1. e4 e5 2. Nf3 Nc6 3. Bc4 Bc5 4. b4 Bxb4 5. c3 Ba5 6. d4 exd4 7. Qb3 Qf6 8. O-O dxc3 9. e5 Qg6 10.
Nxc3 Bxc3 11. Qxc3 Nge7 12. Ng5 Nd8 13. f4 h6 14. Nf3 O-O 15. Re1 Qg4 16. Nd4 Nec6 17. Ba3 Re8 18. Nb5 Ne6 19.
Bxe6 Rxe6 20. Nxc7 Rg6 21. g3 Rb8 22. Nd5 b6 23. Bd6 Rb7 24. Qd2 b5 25. Rac1 Kh8 26. Ne7 Nxe7 27. Bxe7 Rc6 28.
e6 f6 29. Bxf6 gxf6 30. e7 1-0

[Event "Mistrovství Čech mládeže 2023 - HD14"]
[Site "Harrachov, Czech Republic"]
[Date "2023.10.24"]
[Round "5.10"]
[White "Holeš, Vojta"]
[Black "Chernyy, Andrey"]
[Result "0-1"]
[TimeControl "90m + 30s"]
[WhiteElo "1440"]
[BlackElo "1655"]

1. e4 e5 2. Nf3 Nc6 3. d4 exd4 4. Bc4 Nf6 5. O-O Nxe4 6. Re1 d5 7. Bxd5 Qxd5 8. Nc3 Qa5 9. Rxe4+ Be6 10.
Nxd4 O-O-O 11. Nce2 Bf5 12. Bd2 Qd5 13. Nxc6 Qxc6 14. Rd4 Bc5 15. Rxd8+ Rxd8 16. Nc3 Qb6 17. Qf3 Bxf2+ 18. Kf1 Bxc2 19.
Ne2 Rxd2 0-1

[Event "Mistrovství Čech mládeže 2023 - HD14"]
[Site "Harrachov, Czech Republic"]
[Date "2023.10.24"]
[Round "5.11"]
[White "Tejnor, Martin"]
[Black "Stefaniv, Vladislav"]
[Result "1-0"]
[TimeControl "90m + 30s"]
[WhiteElo "1418"]
[BlackElo "1566"]

1. e4 e6 2. d4 d5 3. exd5 exd5 4. Bd3 c5 5. dxc5 Bxc5 6. Nf3 Nf6 7. O-O O-O 8. Bg5 Nc6 9. Nc3 Be6 10.
Qd2 Be7 11. a3 a6 12. Rad1 Qb6 13. Na4 Qc7 14. Bf4 Bd6 15. Bxd6 Qxd6 16. Rfe1 h6 17. Nc3 Rfe8 18. h3 Qc7 19.
Bf1 Rad8 20. Nd4 Bc8 21. Rxe8+ Rxe8 22. Be2 Nxd4 23. Qxd4 Ne4 24. Nxe4 dxe4 25. c3 Bf5 26. Bc4 Re7 27.
Qd8+ Kh7 28. Bb3 b6 29. Qxc7 Rxc7 30. Rd6 Rb7 31. Bd5 Rb8 32. Bxf7 a5 33. g4 Bc8 34. Rd8 Ra8 35. Bd5 Rb8 36. Be6 1-0

[Event "Mistrovství Čech mládeže 2023 - HD14"]
[Site "Harrachov, Czech Republic"]
[Date "2023.10.24"]
[Round "5.12"]
[White "Bludský, Hynek"]
[Black "Borecký, Andrej"]
[Result "1-0"]
[TimeControl "90m + 30s"]
[WhiteElo "1547"]
[BlackElo "1341"]

1. e4 e5 2. Nf3 Nc6 3. d4 exd4 4. Bc4 Nf6 5. O-O Nxe4 6. Re1 d5 7. Bxd5 Qxd5 8. Nc3 Qh5 9. Nxe4 Be6 10.
Bg5 Bd6 11. Nxd6+ cxd6 12. Bf4 Qd5 13. c3 Kd7 14. Nxd4 Nxd4 15. Qxd4 Qxd4 16. cxd4 Bd5 17. b3 Rac8 18. Re2 Rhe8 19.
Rae1 Rxe2 20. Rxe2 f6 21. h4 b6 22. f3 Rc3 23. Kf2 Rd3 24. Be3 h6 25. Rc2 Rd1 26. Rc1 Rxc1 27. Bxc1 g5 28.
Kg3 Ke6 29. Kg4 a5 30. Bd2 a4 31. bxa4 Bxa2 32. a5 bxa5 33. Bxa5 Bd5 34. Bb4 Bc6 35. Kh5 Bb7 36. Be1 Ba6 37.
Kxh6 Bf1 38. g3 Be2 39. h5 Bxf3 40. Kg6 Be4 41. Kg7 f5 42. Bd2 f4 43. gxf4 g4 44. Be3 g3 45. h6 g2 46.
h7 Bxh7 47. Kxh7 Kf5 48. Kg7 Ke4 49. Bg1 Kxf4 50. Kf6 d5 51. Ke6 Ke4 52. Kd6 1-0

[Event "Mistrovství Čech mládeže 2023 - HD14"]
[Site "Harrachov, Czech Republic"]
[Date "2023.10.24"]
[Round "5.13"]
[White "Kravchenko, Andrey"]
[Black "Stibor, Ondřej"]
[Result "1-0"]
[TimeControl "90m + 30s"]
[WhiteElo "1541"]
[BlackElo "1170"]

1. d4 d5 2. c4 e6 3. g3 Nf6 4.
Nf3 Nbd7 5. Bg2 c6 6. O-O Be7 7. Nc3 O-O 8. Qc2 Re8 9. Rd1 b6 10. e4 dxe4 11. Nxe4 Bb7 12. Nc3 Qc7 13.
Bf4 Bd6 14. Bxd6 Qxd6 15. Ng5 h6 16.
Nge4 Nxe4 17. Nxe4 Qe7 18. c5 Nf6 19. Nd6 Red8 20. Rac1 Ne8 21. Nxb7 Qxb7 22. cxb6 Qxb6 23. Qxc6 Qxb2 24.
Qa4 Rac8 25. Rb1 Qe2 26. Re1 Qc4 27. Rb4 Qc3 28. Reb1 Nf6 29. Qxa7 Qd2 30. h3 Rc2 31. d5 Rxa2 32. Qb6 Re8 33. d6 Kh7 34. R4b2 Rxb2 35. Rxb2 Qc1+ 36. Kh2 Qc8 37.
Rd2 Qb8 38. Qd4 Rd8 39. Qc5 Ne8 40. d7 Nf6 41. Bc6 Qc7 42. Be4+ 1-0

[Event "Mistrovství Čech mládeže 2023 - HD14"]
[Site "Harrachov, Czech Republic"]
[Date "2023.10.24"]
[Round "5.14"]
[White "Denko, Otakar"]
[Black "Seidl, Václav"]
[Result "0-1"]
[TimeControl "90m + 30s"]
[WhiteElo "1417"]
[BlackElo "1478"]

1. d4 d5 2. Bf4 Nf6 3. Nf3 c5 4. e3 Nc6 5. c3 Qb6 6. Qc2 g6 7. Nbd2 c4 8. Be2 Bf5 9. Qc1 Bg7 10.
Ne5 Nxe5 11. Bxe5 O-O 12. O-O Ne4 13. Bxg7 Kxg7 14. Nxe4 Bxe4 15. Qd2 a5 16. a4 h6 17. Bd1 Rfb8 18.
Ra2 Qc6 19. Bc2 Bxc2 20. Qxc2 b5 21. axb5 Qxb5 22. Rfa1 Qb3 23. Qxb3 Rxb3 24. g3 Rab8 25. Rxa5 e6 26. R5a2 Rxb2 27.
Rxb2 Rxb2 28. Rc1 Kf6 29. Kg2 Kf5 30. Kf3 g5 31. g4+ Kg6 32. Kg3 f5 33. gxf5+ Kxf5 34. f4 gxf4+ 35. exf4 Rd2 36.
Rf1 Rd3+ 37. Rf3 Ke4 38. Rxd3 Kxd3 39. Kf3 Kxc3 40. Ke3 Kb2 0-1

[Event "Mistrovství Čech mládeže 2023 - HD14"]
[Site "Harrachov, Czech Republic"]
[Date "2023.10.24"]
[Round "5.15"]
[White "Sboev, Kirill"]
[Black "Ugrenovich, Jaroslav"]
[Result "1/2-1/2"]
[TimeControl "90m + 30s"]
[WhiteElo "1556"]
[BlackElo "1277"]

1. d4 e6 2. c4 d5 3. Nc3 c5 4. Nf3 Nc6 5. g3 dxc4 6. e3 Nf6 7. dxc5 Qxd1+ 8. Nxd1 Bxc5 9. Bxc4 O-O 10.
a3 a5 11. Nc3 Rb8 12. O-O Rd8 13. e4 e5 14. Bg5 Be7 15. Rad1 Bg4 16. Rxd8+ Rxd8 17. Kg2 h6 18. Bxf6 Bxf6 19. Nd5 Bxf3+ 20. Kxf3 Nd4+ 21.
Kg2 Rc8 22. Nxf6+ gxf6 23. Bd3 Kg7 24. Rb1 Nb3 25. Re1 Rc7 26. Kf1 Nd2+ 27. Ke2 Nb3 28. Ke3 Kf8 29. f4 Ke7 30. Rd1 Nd4 31.
b4 axb4 32. axb4 Nc2+ 33. Bxc2 Rxc2 34. Rd2 Rc3+ 35. Rd3 Rc2 36. Rd2 Rc3+ 37. Rd3 1/2-1/2

[Event "Mistrovství Čech mládeže 2023 - HD14"]
[Site "Harrachov, Czech Republic"]
[Date "2023.10.24"]
[Round "5.16"]
[White "Jančík, Vojtěch"]
[Black "Pásek, Josef"]
[Result "1-0"]
[TimeControl "90m + 30s"]
[WhiteElo "1219"]
[BlackElo "1555"]

1. e4 c5 2. Nf3 Nc6 3. d4 cxd4 4. Nxd4 e5 5. Nb5 d6 6. N1c3 a6 7. Na3 Be6 8. Nd5 Nf6 9. Bg5 Bxd5 10.
exd5 Qa5+ 11. c3 Qxd5 12. Bxf6 Qxd1+ 13. Rxd1 gxf6 14. Nc4 Rd8 15. Nb6 Bg7 16. Rd3 O-O 17. Nd5 f5 18. Rg3 f4 19.
Rh3 b5 20. Bd3 h6 21. g4 fxg3 22. f3 gxh2 23. R3xh2 f5 24. Bc2 Rd7 25. Rg2 Kh8 26. Rh5 f4 27. Rg6 Rff7 28. Re6 b4 29.
Ba4 bxc3 30. bxc3 Nd8 31. Re8+ Kh7 32. Bc2+ 1-0